 Dungeon Crawl Stone Soup version 0.17.0-24-gcfadda4 (webtiles) character file.

40 oplop the Changer (level 3, -3/23 HPs)
             Began as an Octopode Transmuter on Nov 15, 2015.
             Slain by a hobgoblin
             ... wielding a +0 club
              (5 damage)
             ... on level 2 of the Dungeon.
             The game lasted 00:01:34 (935 turns).

oplop the Changer (Octopode Transmuter)              Turns: 935, Time: 00:01:35

Health: -3/23      AC:  1    Str: 10    XL:     3   Next: 50%
Magic:  6/7        EV: 12    Int: 15    God:
Gold:   54         SH:  0    Dex: 12    Spells: 3 memorised, 1 level left

rFire  . . .     SeeInvis .       - Unarmed
rCold  + . .     Clarity  .     (no shield)
rNeg   . . .     SustAt   .     (helmet restricted)
rPois  .         Gourm    .     (no amulet)
rElec  .         Spirit   .     e - ring of protection from cold
rCorr  .         Warding  .     p - ring of protection from magic
rMut   .         Stasis   .     (no ring)
MR     +....                    (no ring)
Stlth  ++........               (no ring)
                                (no ring)
                                (no ring)
                                (no ring)

@: appendage, somewhat resistant to hostile enchantments, unstealthy
A: almost no armour, amphibious, 8 rings, constrict 8, tentacle spike 3,
camouflage 1, gelatinous body 1
a: End Transformation


You were on level 2 of the Dungeon.
You were not hungry.
One of your tentacles had a temporary spike.
You visited 1 branch of the dungeon, and saw 2 of its levels.

You collected 54 gold pieces.

Inventory:

Missiles
 a - 17 arrows
 o - 17 poisoned arrows
Jewellery
 e - a ring of protection from cold (left tentacle)
 l - a +2 ring of strength {unknown}
 p - a ring of protection from magic (right tentacle)
Scrolls
 d - 5 scrolls of remove curse {unknown}
 f - 3 scrolls of identify {unknown}
 h - a scroll of enchant armour {unknown}
 j - a scroll of fog {unknown}
 m - a scroll of noise {unknown}
 n - a scroll of blinking {unknown}
Potions
 g - a potion of mutation {unknown}
 i - 2 potions of invisibility {unknown}
 k - a potion of magic {unknown}
Books
 b - a book of Changes

   Spells                             Type                      Level
   a - Beastly Appendage              Transmutation                1
   b - Sticks to Snakes               Transmutation                2
   c - Spider Form                    Transmutation/Poison         3
   d - Ice Form                       Ice/Transmutation            4
   e - Blade Hands                    Transmutation                5
Comestibles
 c - 3 bread rations


   Skills:
 - Level 1.0 Fighting
 - Level 2.0 Dodging
 - Level 3.0 Unarmed Combat
 + Level 2.7 Spellcasting
 + Level 3.1 Transmutations
 + Level 0.0 Poison Magic


You had one spell level left.
You knew the following spells:

 Your Spells              Type           Power        Failure   Level  Hunger
a - Beastly Appendage     Trmt           ##....       8%          1    #......
b - Sticks to Snakes      Trmt           ##........   12%         2    ##.....
c - Spider Form           Trmt/Pois      #.........   34%         3    ###....


Dungeon Overview and Level Annotations

Branches:
Dungeon (2/15)

Altars:
Okawaru
Qazlal


Innate Abilities, Weirdness & Mutations

You cannot wear most types of armour.
You are amphibious.
You can wear up to eight rings at the same time.
You can use your tentacles to constrict eight enemies at once.
Your skin changes colour to match your surroundings (Stealth).
Your rubbery body absorbs attacks (AC +1).
One of your tentacles bears a large vicious spike.


Message History

You tentacle-slap the worm but do no damage.
You squeeze the worm.
The worm is lightly wounded.
You constrict the worm. The worm bites you!
You tentacle-slap the worm.
You pierce the worm, but do no damage.
You tentacle-slap the worm.
The worm is moderately wounded.
You constrict the worm. The hobgoblin closely misses you.
You tentacle-slap the worm.
The worm is severely wounded.
You constrict the worm. The hobgoblin hits you with a club. The worm bites you!
* * * LOW HITPOINT WARNING * * *
Unknown command.
You release your grip on the worm.
Your transformation is almost over.
Casting: Beastly Appendage
Confirm with . or Enter, or press ? or * to list all spells.
You extend your transformation's duration.
The hobgoblin hits you with a club.
You die...

#≈....##. .....#. .._...
.... ... ###.# ###
######.#.# ##.##
#..wg@...######.#.##
.......###......##.###.###
.####.. ##.###.#.## ##...
.... #.##.....###.###
..#.. #.###.###.#.....
####.. #.# ### #..#####
... ..# ##.## ... ###
#>..# #...#


You could see a worm and a hobgoblin.

Vanquished Creatures
  An ooze (D:1)
  A giant gecko (D:2)
  3 bats (D:1)
  A giant cockroach (D:1)
  5 goblins (D:1)
  6 hobgoblins
  2 jackals (D:1)
  2 ball pythons
  A giant newt (D:1)
  5 kobolds
  7 rats
34 creatures vanquished.

Notes
Turn   | Place    | Note
--------------------------------------------------------------
     0 | D:1      | oplop the Octopode Transmuter began the quest for the Orb.
     0 | D:1      | Reached XP level 1. HP: 13/13 MP: 3/3
   125 | D:1      | Reached XP level 2. HP: 13/18 MP: 5/5
   354 | D:1      | Reached XP level 3. HP: 20/23 MP: 4/6
   755 | D:2      | Found an iron altar of Okawaru.
   769 | D:2      | Learned a level 2 spell: Sticks to Snakes
   773 | D:2      | Learned a level 3 spell: Spider Form
   921 | D:2      | Found a stormy altar of Qazlal.
   932 | D:2      | HP: 1/23 [worm (8)]
   935 | D:2      | Slain by a hobgoblin

Action                   || total
-------------------------++-------
Melee: Unarmed           ||    71
 Cast: Beastly Appendage ||    12
 Stab: Sleeping          ||     6
